 Dungeon Crawl Stone Soup version 0.30-a0-930-gb9d0489357 (webtiles) character file.

Game seed: 4030704828291194770

1822 dialectric the Trooper (level 9, 0/59 HPs)
             Began as a Gargoyle Wanderer on Mar 23, 2023.
             Killed from afar by a steam dragon (8 damage)
             ... with a ball of steam
             ... on level 9 of the Dungeon.
             The game lasted 00:09:38 (6844 turns).

dialectric the Trooper (Gargoyle Wanderer)          Turns: 6844, Time: 00:09:38

Health: 0/59       AC: 14    Str: 18    XL:     9   Next: 10%
Magic:  9/9        EV: 12    Int: 11    God:
Gold:   281        SH:  9    Dex: 13    Spells: 8/8 levels left

rFire   . . .      SeeInvis .    x - +1 hand axe (elec)
rCold   . . .      Faith    .    b - +0 buckler {AC+3}
rNeg    + . .      Spirit   .    e - +0 leather armour
rPois   ∞          Reflect  .    (helmet restricted)
rElec   +          Rampage  .    (no cloak)
rCorr   .                        c - +0 pair of gloves
Will    .....                    (no boots)
Stlth   ++                       (no amulet)
HPRegen 0.29/turn                i - ring of flight
MPRegen 0.11/turn                (no ring)

@: brilliant, attractive, flying, hasted, invisible, very quick
A: sickness immunity, AC +6, negative energy resistance 1, electricity
resistance, torment resistance 1, petrification resistance, horns 1, large bone
plates 1, sense surroundings 1
a: no special abilities


You were on level 9 of the Dungeon.
You visited 1 branch of the dungeon, and saw 9 of its levels.
You also visited: Ossuary.

You collected 309 gold pieces.
You spent 28 gold pieces at shops.

Inventory:

Hand Weapons
 a - a +0 hand axe of protection
 h - a +0 whip of draining
 x - a +1 hand axe of electrocution (weapon)
Missiles
 q - 15 boomerangs
 s - 5 datura-tipped darts
 v - 18 poisoned darts
 C - a curare-tipped dart (quivered)
Armour
 b - a +0 buckler of protection (worn)
 c - a +0 pair of gloves (worn)
 e - a +0 leather armour (worn)
 p - a +0 helmet
 A - a +0 plate armour
 B - a +0 chain mail
Jewellery
 i - a ring of flight (left hand)
Wands
 g - a wand of roots (15)
 k - a wand of flame (53)
 n - a wand of polymorph (9)
 D - a wand of paralysis (6)
Scrolls
 d - 3 scrolls of teleportation
 f - a scroll of noise
 m - 2 scrolls of brand weapon
 y - a scroll of identify
 E - 2 scrolls of poison {unknown}
 G - a scroll of magic mapping {unknown}
 H - 4 scrolls of fog {unknown}
Potions
 j - a potion of brilliance
 l - 2 potions of cancellation
 o - 5 potions of mutation
 r - 2 potions of haste
 t - 3 potions of heal wounds
 u - a potion of attraction
 w - 2 potions of flight
 z - 2 potions of invisibility
 F - a potion of might {unknown}
 I - a potion of curing {unknown}


   Skills:
 * Level 7.8 Fighting
 - Level 2.0(2.9) Axes
 + Level 3.4(3.8) Maces & Flails
 - Level 1.0 Throwing
 + Level 5.2 Armour
 + Level 4.0 Dodging
 - Level 2.2 Stealth
 * Level 6.0 Shields


You had 8 spell levels left.
You didn't know any spells.
Your spell library contained the following spells:

 Spells                   Type           Power      Damage    Failure   Level
 Magic Dart               Conj           0%         1d3       47%         1
 Searing Ray              Conj           0%         2d4       63%         2
 Kindle Blastsparks       Fire/Tloc/Air  0%         2d10      85%         3
 Fulminant Prism          Conj/Hex       0%         3d5       99%         4
 Iskenderun's Mystic Bla  Conj/Tloc      0%         2d3       99%         4
 Lee's Rapid Deconstruct  Erth           0%         3d4*      100%        5
 Yara's Violent Unravell  Hex/Tmut       0%         3d3       100%        5
 Enfeeble                 Hex            0%         N/A       100%        7


Dungeon Overview and Level Annotations

Branches:
Dungeon (9/15)             Temple (0/1) D:7         Ossuary (visited)
   Lair: D:8-11         Orc: D:9-12

Altars:
Ru
Yredelemnul
The Shining One

Shops:
D:7 =*


Innate Abilities, Weirdness & Mutations

You are immune to sickness and miasma.
Your stone body is resilient. (AC +6)
You are immune to poison.
You resist negative energy. (rN+)
You are resistant to electric shocks. (rElec)
You are resistant to unholy torment.
You are immune to petrification.
You have a pair of small horns on your head.
You are partially covered in large bone plates. (SH +4)
You passively map a small area around you.


Message History

The ball of steam hits you.
You slash the manticore! You headbutt the manticore.
The manticore is severely wounded.
You are engulfed in a cloud of scalding steam.
* * * LOW HITPOINT WARNING * * *
The manticore closely misses you. The manticore completely misses you.
The manticore barely misses you.
You hit the manticore but do no damage.
Lightning courses through the manticore!
The manticore is almost dead.
You are engulfed in a cloud of scalding steam.
* * * LOW HITPOINT WARNING * * *
The manticore bites you.
* * * LOW HITPOINT WARNING * * *
The manticore claws you but does no damage. x2
It was a potion of haste.
You feel yourself speed up.
The steam dragon bites you but does no damage.
You block the steam dragon's attack.
The manticore is engulfed in a cloud of scalding steam.
The manticore dies!
Your Dodging skill increases to level 4!
Your Shields skill increases to level 6!
You have reached level 9!
Your experience leads to an increase in your attributes!
Increase (S)trength, (I)ntelligence, or (D)exterity?
You feel agile. x2
Unknown command.
It was a potion of invisibility.
You fade into invisibility!
The steam dragon misses you. The steam dragon closely misses you.
You hit the steam dragon. Your headbutt misses the steam dragon.
The steam dragon is lightly wounded.
The steam dragon completely misses you. You block the steam dragon's attack.
It was a potion of brilliance.
You feel clever all of a sudden.
It was a potion of attraction.
You feel attractive to monsters. The steam dragon breathes steam at you.
The ball of steam hits you!
You die...

, , , * , , * , , , , , , , ,
,, , , .. , ,, , * , .. *
#.######+####### ...
#.#............# , ....*
#.#.......†....# ,
....####.#......@.....#......
.........+......D.....#..... #
.........########'#####......#
.........########.........#..#
....###..#......D...#.....#..#,
.........'......#...#........#
.........#......#...#........#
.........#......#...#..<.....#
..###'####......'............#


You could see a steam dragon (unable to see you, catching breath).

Vanquished Creatures
  2 water moccasins
  2 black bears
  2 ogres
  An elf zombie (Ossuary)
  A kobold brigand (D:7)
  A scorpion (D:6)
  2 howler monkeys
  A centaur zombie (Ossuary)
  A crimson imp (D:3)
  A jelly (D:6)
  4 human zombies (Ossuary)
  2 orc priests
  Jessica (D:3)
  2 iguanas
  Ijyb (D:3)
  An orc wizard (D:5)
  A sleepcap (D:5)
  2 mummies (Ossuary)
  Robin (D:3)
  9 adders
  3 gnolls (D:4)
  An adder zombie (Ossuary)
  5 worms
  A dart slug (D:1)
  7 orcs
  7 bats
  9 endoplasms
  4 giant cockroaches
  15 goblins
  9 hobgoblins
  7 jackals
  4 quokkas
  13 ball pythons
  11 frilled lizards (D:1)
  2 goblin skeletons (D:3)
  4 goblin zombies
  16 hobgoblin zombies
  10 kobolds
  A kobold skeleton (D:3)
  9 kobold zombies (Ossuary)
  3 orc skeletons (D:3)
  6 orc zombies
  6 rats
  2 rat zombies (Ossuary)
193 creatures vanquished.

Vanquished Creatures (others)
  A manticore (D:9)
  14 plants
15 creatures vanquished.

Grand Total: 208 creatures vanquished

Notes
Turn   | Place    | Note
-------+----------+-------------------------------------------
     0 | D:1      | dialectric the Gargoyle Wanderer began the quest for the
                  | Orb.
     0 | D:1      | dialectric set off with the following items: a +0 hand axe,
                  | a +0 buckler of protection, a +0 pair of gloves, a scroll
                  | of teleportation, a +0 leather armour.
     0 | D:1      | Reached XP level 1. HP: 10/10 MP: 1/1
   153 | D:1      | Reached XP level 2. HP: 15/15 MP: 2/2
   480 | D:1      | Reached XP level 3. HP: 7/20 MP: 3/3
  1053 | D:2      | Reached skill level 1 in Fighting
  1308 | D:2      | Reached XP level 4. HP: 25/25 MP: 4/4
  1339 | D:2      | Found a faded altar of an unknown god.
  1368 | D:2      | Found a sacrificial altar of Ru.
  1534 | D:2      | Reached skill level 2 in Fighting
  1989 | D:3      | Noticed Ijyb
  1992 | D:3      | Reached XP level 5. HP: 31/31 MP: 5/5
  2003 | D:3      | Gained mutation: You are partially covered in large bone
                  | plates. (SH +4) [potion of mutation]
  2003 | D:3      | Gained mutation: You have a pair of small horns on your
                  | head. [potion of mutation]
  2003 | D:3      | Gained mutation: You passively map a small area around you.
                  | [potion of mutation]
  2018 | D:3      | Killed Ijyb
  2203 | D:3      | Reached skill level 3 in Fighting
  2208 | D:3      | Noticed Robin
  2246 | D:3      | Killed Robin
  2343 | D:3      | Found a glowing golden altar of the Shining One.
  2389 | D:3      | Reached skill level 1 in Stealth
  2526 | D:3      | Reached XP level 6. HP: 38/38 MP: 6/6
  2559 | D:3      | Reached skill level 4 in Fighting
  2586 | D:3      | Noticed Jessica
  2591 | D:3      | Killed Jessica
  3042 | D:4      | Noticed a black bear
  3129 | D:4      | Killed a black bear
  3393 | D:4      | Reached skill level 5 in Fighting
  3393 | D:4      | Reached skill level 1 in Maces & Flails
  3393 | D:4      | Reached XP level 7. HP: 44/44 MP: 7/7
  3633 | D:5      | Entered Level 5 of the Dungeon
  4365 | D:6      | Reached XP level 8. HP: 33/51 MP: 8/8
  4492 | D:6      | Reached skill level 6 in Fighting
  5565 | D:7      | Found Laxtaesi's Serpentskin Sales.
  5572 | D:7      | Bought 2 curare-tipped darts for 28 gold pieces
  5590 | D:7      | Found a staircase to the Ecumenical Temple.
  5982 | D:7      | Found Futaummex's Jewellery Boutique.
  6078 | D:7      | Reached skill level 5 in Armour
  6184 | D:7      | Found a sand-covered staircase.
  6189 | Ossuary  | Entered an ossuary
  6299 | Ossuary  | Reached skill level 5 in Shields
  6302 | Ossuary  | Reached skill level 7 in Fighting
  6650 | D:8      | Found a basalt altar of Yredelemnul.
  6650 | D:8      | Noticed an efreet
  6828 | D:9      | Noticed a manticore
  6840 | D:9      | Killed a manticore
  6841 | D:9      | Reached XP level 9. HP: 7/59 MP: 9/9
  6844 | D:9      | Killed from afar by a steam dragon

Illustrated notes

Levels and vault maps discovered:
D:1:      elethiomel_arrival_maze, layout_loops_ring, minmay_lizard_king
D:2:      layout_basic, shapermc_ecumenical_altar_notcrosses, basic_altar
D:3:      wad_pebble_path, layout_basic, nicolae_tso_besieged_by_evil,
          serial_bayou_pond_b, nrook_mini_backslash, minmay_shallow_snake_nest,
          uniq_ijyb, uniq_robin, uniq_jessica
D:4:      layout_rooms
D:5:      layout_basic, nrook_campfire
D:6:      layout_cave_pods, supply_closet_lemuel
D:7:      layout_loops_ring, minmay_temple_entry_ruins, serial_shops,
          shop_fountains, enter_ossuary_5, guppyfry_shop_venom
D:8:      layout_loops_ring, serial_shops, kennysheep_mini_moat,
          hangedman_feature_mirror, solitary_fountain, uniq_erica
D:9:      layout_stronghold, david_orc_5

Skill      XL: |  1  2  3  4  5  6  7  8 |
---------------+-------------------------+-----
Axes           | 2 |  2.0
Shields        | 4 6 |  6.0
Fighting       | 1 2 3 5 7 |  7.8
Dodging        | 3 4 |  4.0
Armour         | 2 3 4 5 |  5.2
Stealth        | 1 2 |  2.2
Maces & Flails | 1 2 3 |  3.4
Throwing       | |  1.0

Action                     |  1- 3 |  4- 6 |  7- 9 || total
---------------------------+-------+-------+-------++-------
  Melee: Hand axe          |   143 |   237 |   195 ||   575
         Headbutt          |       |    38 |    55 ||    93
         Whip              |       |    57 |    21 ||    78
  Throw: Dart              |       |       |     4 ||     4
         Boomerang         |       |       |     1 ||     1
    Use: Scroll            |       |     2 |     5 ||     7
         Potion            |       |     3 |     5 ||     8
   Stab: Sleeping          |       |       |     2 ||     2
 Armour: Leather armour    |    55 |    89 |    91 ||   235
         Skin              |       |    11 |       ||    11
  Dodge: Dodged            |    74 |   128 |    98 ||   300
  Block: Buckler           |    27 |   115 |    99 ||   241

Table legend: (Time is in decaauts)
 A = Elapsed time spent in this place.
 B = Non-inter-level travel time spent in this place.
 C = Inter-level travel time spent in this place.
 D = Time resting spent in this place.
 E = Time spent auto-exploring this place.
 F = Levels seen in this place.
 G = Mean time per level.
                   A        B        C        D        E       F      G
               +--------+--------+--------+--------+--------+-----+--------+
         Total |   6979 |   6752 |    227 |    670 |   4397 |  10 |  697.9 |
       Dungeon |   6643 |   6416 |    227 |    670 |   4275 |   9 |  738.1 |
       Ossuary |    336 |    336 |      0 |      0 |    122 |   1 |  336.0 |
               +--------+--------+--------+--------+--------+-----+--------+

Top non-repeatable levels by time:
     D:3: 1261 daAuts
     D:6: 1180 daAuts
     D:1: 1041 daAuts
     D:2: 856 daAuts
     D:7: 825 daAuts
     D:5: 710 daAuts
     D:4: 571 daAuts
 Ossuary: 336 daAuts
     D:9: 171 daAuts
     D:8: 25 daAuts
